 Seeded DCSS version 0.27-a0-1502-g47ed6a6988 (webtiles) character file.

Game seed: 20210708 (custom seed)

72933 muata the Warrior (level 15, 0/151 HPs)
             Began as a Minotaur Berserker on July 8, 2021.
             Was the Champion of Trog.
             Slain by an elephant simulacrum (10 damage)
             ... animated by a necromancer
             ... on level 6 of the Lair of Beasts.
             The game lasted 01:07:58 (19133 turns).

muata the Warrior (Minotaur Berserker)             Turns: 19133, Time: 01:07:59

Health: 0/151      AC: 20    Str: 30    XL:     15   Next: 2%
Magic:  14/14      EV: 11    Int:  4    God:    Trog [******]
Gold:   1472       SH: 10    Dex: 11    Spells: 14/14 levels left

rFire    . . .     SeeInvis +   I - +9 spear of the Equinox {venom, rPois Will+}
rCold    . . .     Faith    .   C - +3 buckler
rNeg     . . .     Spirit   .   D - +2 ring mail
rPois    +         Reflect  .   X - +2 hat {SInv}
rElec    .         Harm     .   i - +1 cloak {rPois}
rCorr    .         Rampage  .   a - +2 pair of gloves {Str+3}
Will     ++...     Clarity  +   g - +0 pair of boots
Stlth    +.........             j - amulet of regeneration
HPRegen  1.35/turn              u - ring of see invisible
MPRegen  0.14/turn              V - +4 ring of slaying

@: mighty, on berserk cooldown, slowed, studying Short Blades, very slow
A: horns 2, retaliatory headbutt, clarity
a: Renounce Religion, Berserk, Trog's Hand, Brothers in Arms


You were on level 6 of the Lair of Beasts.
You worshipped Trog.
Trog was exalted by your worship.
You visited 3 branches of the dungeon, and saw 21 of its levels.
You also visited: Sewer.

You collected 1920 gold pieces.
You spent 448 gold pieces at shops.

Inventory:

Hand Weapons
 d - the +4 broad axe "Habrihu" {elec, rC+ rN+ SInv}
   (You acquired it on level 8 of the Dungeon)

   Occasionally, upon striking a foe, it can discharge electrical energy and
   cause terrible harm.
   rC:        It protects you from cold.
   rN:        It protects you from negative energy.
   SInv:      It lets you see invisible.
 v - the +5 demon whip "Spellbinder" {antimagic, Will+}
   (You found it on level 4 of the Dungeon)

   It reduces the magical energy of the wielder, and disrupts the spells and
   magical abilities of those hit.
   Natural abilities and divine invocations are not affected.
   Will:      It increases your willpower.
 B - the +7 spear of Hatred {venom, rElec Int+3}
   (You took it off a gnoll sergeant on level 5 of the Dungeon)

   It poisons the flesh of those it strikes.
   Int:       It affects your intelligence (+3).
   rElec:     It insulates you from electricity.
 I - the +9 spear of the Equinox (weapon) {venom, rPois Will+}
   (You found it on level 6 of the Dungeon)

   It poisons the flesh of those it strikes.
   rPois:     It protects you from poison.
   Will:      It increases your willpower.
Missiles
 k - 2 throwing nets (quivered)
 x - 12 curare-tipped darts
 L - 65 poisoned darts
Armour
 a - a +2 pair of gloves of strength (worn)
 g - a +0 pair of boots (worn)
 i - a +1 cloak of poison resistance (worn)
 C - a +3 buckler (worn)
 D - a +2 ring mail (worn)
 X - a +2 hat of see invisible (worn)
Jewellery
 j - an amulet of regeneration (around neck)
 u - a ring of see invisible (left hand)
 V - a +4 ring of slaying (right hand)
Wands
 o - a wand of iceblast (24)
 s - a wand of digging (6)
 y - a wand of mindburst (31)
 A - a wand of paralysis (35)
 E - a wand of acid (24)
 M - a wand of flame (35)
Scrolls
 c - a scroll of brand weapon {unknown}
 e - 6 scrolls of magic mapping
 m - 6 scrolls of immolation
 q - a scroll of blinking
 F - 2 scrolls of fog {unknown}
 J - 2 scrolls of teleportation
 K - 2 scrolls of summoning {unknown}
 O - a scroll of vulnerability {unknown}
 R - 3 scrolls of noise {unknown}
 S - 3 scrolls of amnesia {unknown}
 W - a scroll of enchant weapon {unknown}
 Z - a scroll of fear
Potions
 b - 2 potions of mutation {unknown}
 f - 4 potions of flight
 h - 3 potions of berserk rage
 l - 2 potions of haste {unknown}
 n - a potion of brilliance {unknown}
 p - a potion of experience {unknown}
 r - a potion of lignification {unknown}
 t - 5 potions of attraction
 w - 9 potions of curing
 H - a potion of might
 Q - 2 potions of cancellation {unknown}
 U - a potion of magic {unknown}
 Y - a potion of ambrosia {unknown}


   Skills:
 + Level 18.9 Fighting
 - Level 7.2(10.9) Axes
 - Level 4.8(6.7) Maces & Flails
 - Level 11.7(12.5) Polearms
 + Level 15.9 Armour
 - Level 2.1 Dodging
 - Level 12.4 Shields


You had 14 spell levels left.
You didn't know any spells.
Your spell library was empty.

Dungeon Overview and Level Annotations

Branches:
Dungeon (13/15)            Temple (0/1) D:5            Lair (6/6) D:10
 Shoals (0/4) Lair:3       Spider (0/4) Lair:3        Slime (0/5) Lair:5
    Orc (2/2) D:11            Elf (0/3) Orc:2         Sewer (visited)
 Vaults: D:13-14

Altars:
Elyvilon
Gozag
Kikubaaqudgha
Okawaru
Ru
Trog
Vehumet
Wu Jian
Zin
The Shining One
Jiyva

Shops:
D:10 [![*   D:12 *   Orc:2 ::*[(

Annotations:
D:13 Rupert


Innate Abilities, Weirdness & Mutations

You have a pair of horns on your head.
You reflexively headbutt those who attack you in melee.
You possess an exceptional clarity of mind.


Message History

The elephant simulacrum barely misses you.
The elephant simulacrum closely misses you.
You completely miss the elephant. You headbutt the elephant.
The elephant is severely wounded.
The death yak simulacrum gores you. The death yak simulacrum freezes you!!
* * * LOW HITPOINT WARNING * * *
You block the elephant's attack.
The elephant trunk-slaps you but does no damage.
You feel better.
The elephant simulacrum barely misses you.
The elephant simulacrum trunk-slaps you but does no damage.
You block the elephant's attack.
The elephant trunk-slaps you but does no damage.
You block the death yak simulacrum's attack.
You feel very mighty all of a sudden.
The elephant tramples you but does no damage.
The elephant closely misses you.
The elephant simulacrum tramples you but does no damage.
The elephant simulacrum closely misses you.
The death yak simulacrum barely misses you.
You furiously retaliate!
You headbutt the death yak simulacrum!!
The elephant tramples you but does no damage.
The elephant trunk-slaps you but does no damage.
The elephant simulacrum tramples you but does no damage.
The elephant simulacrum trunk-slaps you.
* * * LOW HITPOINT WARNING * * *
The elephant simulacrum freezes you!
* * * LOW HITPOINT WARNING * * *
You impale the elephant!!
You kill the elephant!
Trog accepts your kill.
A freezing mist starts to gather...
An elephant simulacrum comes into view.
You block the death yak simulacrum's attack.
You puncture the death yak simulacrum!
The death yak simulacrum is severely damaged.
The elephant simulacrum tramples you!
* * * LOW HITPOINT WARNING * * *
The elephant simulacrum freezes you!
You die...

...........#
####'''########
..............###
###8.⌠.8#####..P#
##8.8###..###.####
######8....#....####
#8.YY8#[$...####....#+#
+...()#[$...#.P####...##♣
+...)|#8...Z'†@Z..#.#...##♣
#8P.. ##...##)†Z......8..8♣
### #########♣...♣♣ ♣8♣♣ ♣♣


You could see a death yak simulacrum and 2 elephant simulacra.

Vanquished Creatures
  Gastronok (Lair:3)
  Nessos (D:13)
  A dire elephant (Lair:6)
  Fannar (D:12)
  10 hydras
  3 boulder beetles
  Erolcha (Orc:1)
  A catoblepas (Lair:3)
  A death knight (D:12)
  4 two-headed ogres
  The ghost of dickylongcocking the Fighter, a novice DjWn (D:8)
  6 death yaks (Lair:6)
  The ghost of mandarbmax the Martial Artist, a novice GnTm of Cheibriados (D:8)
  3 orc high priests
  Nergalle (Orc:1)
  Sonja (Orc:1)
  Pikel (D:6)
  4 orc knights (Orc:2)
  A necromancer (Lair:6)
  An orb spider (Lair:3)
  4 orc sorcerers
  2 cyclopes (Orc:1)
  A merfolk siren (Lair:3)
  3 black mambas
  12 elephants
  15 cane toads
  2 gargoyles
  4 rime drakes
  An unseen horror (D:12)
  Psyche (D:11)
  16 komodo dragons
  The ghost of pokeman the Thaumaturge, a novice DEWz (D:5)
  A merfolk (Lair:3)
  4 trolls
  4 polar bears
  Grinder (D:6)
  A spectral elephant (Lair:6)
  4 slime creatures (D:12)
  13 blink frogs
  A wraith (D:10)
  A dire elephant simulacrum (Lair:6)
  2 shadows
  The ghost of muata the Skirmisher, an amateur MiBe of Trog (D:3)
  30 yaks
  5 wyverns
  Grum (D:9)
  8 basilisks
  6 vampire mosquitoes
  2 steam dragons
  A death yak simulacrum (Lair:6)
  3 spectral cane toads (Lair:6)
  A warg (Orc:1)
  2 acid dragons (D:10)
  14 water moccasins
  Purgy (Sewer)
  An ice beast (D:6)
  A sky beast (D:6)
  A black bear (D:8)
  A necrophage (D:3)
  27 orc warriors
  15 wolves
  3 ogres
  A centaur (D:8)
  2 phantoms
  Blork the orc (Orc:2)
  3 kobold brigands
  6 gnoll sergeants
  9 bullfrogs
  A wyvern zombie (D:5)
  4 cane toad simulacra (Lair:6)
  2 scorpions
  An elephant simulacrum (Lair:6)
  9 wights
  4 killer bees (D:10)
  3 howler monkeys
  An electric eel (Lair:2)
  A jelly (D:4)
  3 centaur zombies
  3 hounds
  18 orc priests
  A centaur skeleton (D:7)
  3 gnoll shamans
  11 iguanas
  14 orc wizards
  A hound skeleton (D:4)
  A howler monkey zombie (D:7)
  30 gnolls
  3 river rats (D:6)
  6 adders
  A shadow imp (D:5)
  A white imp (D:6)
  An ufetubus (D:7)
  5 worms
  2 dart slugs
  52 orcs
  10 ball pythons
  9 bats
  5 endoplasms
  3 giant cockroaches
  5 goblins
  9 hobgoblins
  7 jackals
  13 kobolds
  3 quokkas
  13 frilled lizards
  A quokka skeleton (D:4)
  11 rats
  A butterfly (Lair:3)
556 creatures vanquished.

Vanquished Creatures (collateral kills)
  An orc warlord (Orc:1)
  A two-headed ogre (D:9)
  2 orc warriors
  An orc priest (Orc:2)
  2 orcs (Orc:2)
7 creatures vanquished.

Vanquished Creatures (others)
  An orc (Orc:2)
  7 fungi
  36 plants
  10 withered plants (Lair:6)
54 creatures vanquished.

Grand Total: 617 creatures vanquished

Notes
Turn   | Place    | Note
-------+----------+-------------------------------------------
     0 | D:1      | muata the Minotaur Berserker began the quest for the Orb.
     0 | D:1      | Reached XP level 1. HP: 19/19 MP: 0/0
   202 | D:1      | Found a faded altar of an unknown god.
   377 | D:1      | Reached skill level 4 in Fighting
   377 | D:1      | Reached XP level 2. HP: 25/27 MP: 1/1
   796 | D:1      | Reached XP level 3. HP: 31/34 MP: 2/2
   849 | D:2      | Reached ** piety under Trog
  1560 | D:3      | Reached XP level 4. HP: 41/41 MP: 3/3
  1583 | D:3      | Reached skill level 5 in Fighting
  1583 | D:3      | Reached skill level 5 in Axes
  1707 | D:3      | Found a runed translucent gate.
  1707 | D:3      | Found an opulent altar of Gozag.
  1708 | D:3      | Found a runed translucent gate.
  1709 | D:3      | Found a runed translucent gate.
  1709 | D:3      | Noticed muata's ghost (amateur MiBe)
  1784 | D:3      | Reached XP level 5. HP: 48/48 MP: 4/4
  1803 | D:3      | Noticed a necrophage
  1842 | D:3      | Killed a necrophage
  1843 | D:3      | Reached skill level 6 in Fighting
  1843 | D:3      | Reached XP level 6. HP: 52/57 MP: 5/5
  1877 | D:3      | Reached *** piety under Trog
  2088 | D:3      | Killed muata's ghost
  2089 | D:3      | Reached skill level 7 in Fighting
  2175 | D:4      | Found an opulent altar of Gozag.
  2253 | D:4      | Found the +5 demon whip "Spellbinder" {antimagic, Will+}
  2257 | D:4      | Reached XP level 7. HP: 65/66 MP: 6/6
  2366 | D:4      | Found an ornate altar of the Wu Jian Council.
  2722 | D:4      | Reached skill level 1 in Maces & Flails
  2722 | D:4      | Reached skill level 1 in Shields
  2951 | D:5      | Entered Level 5 of the Dungeon
  3213 | D:5      | Found a radiant altar of Vehumet.
  3248 | D:5      | Found a glowing golden altar of the Shining One.
  3251 | D:5      | Noticed pokeman's ghost (novice DEWz)
  3398 | D:5      | Found a transporter.
  3409 | D:5      | Found a transporter.
  3621 | D:5      | Found a staircase to the Ecumenical Temple.
  3784 | D:5      | Identified the +7 spear of Hatred {venom, rElec Int+3}
  3802 | D:5      | HP: 2/66 [gnoll (8)]
  3803 | D:5      | Reached XP level 8. HP: 2/73 MP: 2/7
  4021 | D:5      | Killed pokeman's ghost
  4022 | D:5      | Reached skill level 5 in Shields
  4080 | D:6      | Noticed Pikel
  4091 | D:6      | Killed Pikel
  4097 | D:6      | Reached skill level 5 in Polearms
  4099 | D:6      | Reached XP level 9. HP: 54/79 MP: 8/8
  4318 | D:6      | Noticed Grinder
  4330 | D:6      | Killed Grinder
  4376 | D:6      | Found a glowing drain.
  4402 | Sewer    | Entered a sewer
  4446 | Sewer    | Noticed Purgy
  4452 | Sewer    | Killed Purgy
  4574 | D:6      | Identified the +9 spear of the Equinox {venom, rPois Will+}
  4588 | D:6      | Reached **** piety under Trog
  5269 | D:7      | Identified the +1 war axe "Hiodgh Refiemm" {freeze, *Noise
                  | Int+6}
  5487 | D:7      | Identified the +3 whip of the Endless Mice {speed, rElec
                  | Str+4 Dex+6}
  5504 | D:7      | Found a sacrificial altar of Ru.
  5861 | D:8      | Identified the +3 long sword of the Pure Wars {antimagic,
                  | Dex+3}
  5921 | D:8      | Reached skill level 10 in Shields
  5963 | D:8      | Found a runed translucent gate.
  5964 | D:8      | Found a runed translucent gate.
  5965 | D:8      | Found a runed translucent gate.
  5966 | D:8      | Noticed dickylongcocking's ghost (novice DjWn)
  5966 | D:8      | Noticed mandarbmax's ghost (novice GnTm)
  6351 | D:8      | Found a glowing silver altar of Zin.
  6554 | D:8      | Identified 2 scrolls of acquirement
  6555 | D:8      | Acquired the +4 broad axe "Habrihu" {elec, rC+ rN+ SInv}
  6560 | D:8      | Acquired a +1 pair of gloves of strength
  6600 | D:8      | Killed dickylongcocking's ghost
  6601 | D:8      | Reached XP level 10. HP: 88/88 MP: 9/9
  6609 | D:8      | Killed mandarbmax's ghost
  6610 | D:8      | Reached skill level 8 in Fighting
  6668 | D:9      | Reached skill level 10 in Polearms
  6787 | D:9      | Noticed a two-headed ogre
  6803 | D:9      | Killed a two-headed ogre
  6804 | D:9      | Reached skill level 9 in Fighting
  6841 | D:9      | Found a white marble altar of Elyvilon.
  6843 | D:9      | Noticed a gargoyle
  6855 | D:9      | Killed a gargoyle
  6908 | D:9      | Noticed Grum
  6945 | D:8      | Reached skill level 10 in Fighting
  6995 | D:9      | Killed Grum
  7042 | D:9      | Found an ancient bone altar of Kikubaaqudgha.
  7381 | D:10     | Entered Level 10 of the Dungeon
  7381 | D:10     | Found Wicuusuc's Armour Emporium.
  7396 | D:10     | Found Dux Acs's General Store.
  7727 | D:10     | Reached XP level 11. HP: 74/101 MP: 10/10
  7970 | D:10     | Found Derub's Armour Shoppe.
  7989 | D:10     | Noticed a two-headed ogre
  8009 | D:9      | Killed a two-headed ogre
  8196 | D:10     | Found Bibb's Distillery.
  8204 | D:10     | Bought a potion of heal wounds for 85 gold pieces
  8204 | D:10     | Bought a potion of curing for 51 gold pieces
  8299 | D:10     | Reached skill level 11 in Fighting
  8375 | D:10     | Found a staircase to the Lair.
  8731 | D:11     | Reached ***** piety under Trog
  8822 | D:11     | Noticed a two-headed ogre
  8828 | D:11     | Killed a two-headed ogre
  8858 | D:11     | Noticed Psyche
  8865 | D:11     | Killed Psyche
  8906 | D:11     | Noticed a two-headed ogre
  8915 | D:11     | Killed a two-headed ogre
  8916 | D:11     | Reached skill level 12 in Fighting
  9035 | D:11     | Noticed a boulder beetle
  9051 | D:11     | Killed a boulder beetle
  9058 | D:11     | Found a staircase to the Orcish Mines.
  9622 | D:12     | Noticed a boulder beetle
  9637 | D:12     | Killed a boulder beetle
  9727 | D:12     | Reached skill level 5 in Armour
  9820 | D:12     | Noticed Fannar
  9830 | D:12     | Killed Fannar
  9831 | D:12     | Reached XP level 12. HP: 113/113 MP: 11/11
  9882 | D:12     | Reached skill level 13 in Fighting
 10081 | D:12     | Noticed a seven-headed hydra
 10105 | D:12     | Killed a seven-headed hydra
 10185 | D:12     | Noticed a death knight
 10207 | D:12     | Killed a death knight
 10234 | D:12     | Found a bloodstained altar of Trog.
 10312 | D:12     | Found Ucagh's General Store.
 10592 | D:13     | Noticed a two-headed ogre
 10597 | D:13     | Killed a two-headed ogre
 10641 | D:13     | Noticed Nessos
 10757 | D:13     | Killed Nessos
 10757 | D:13     | HP: 8/174 [poisoned by Nessos]
 10758 | D:13     | Reached skill level 14 in Fighting
 10872 | D:13     | Noticed an eight-headed hydra
 10886 | D:13     | Killed an eight-headed hydra
 10906 | D:13     | Noticed Rupert
 11043 | Orc:1    | Entered Level 1 of the Orcish Mines
 11079 | Orc:1    | Noticed Sonja
 11092 | Orc:1    | Killed Sonja
 11294 | Orc:1    | Received a gift from Trog
 11411 | Orc:2    | Entered Level 2 of the Orcish Mines
 11411 | Orc:2    | Found Notseps's Book Shop.
 11735 | Orc:2    | Found a staircase to the Elven Halls.
 11744 | Orc:2    | Noticed Blork the orc
 11752 | Orc:2    | Killed Blork the orc
 11935 | Orc:2    | Noticed an orc high priest
 11939 | Orc:2    | Noticed an orc warlord
 11940 | Orc:2    | Noticed an orc high priest
 11952 | Orc:2    | Reached skill level 10 in Armour
 12080 | Orc:1    | Killed an orc high priest
 12102 | Orc:2    | Paralysed by an orc sorcerer for 2 turns
 12108 | Orc:1    | Reached skill level 15 in Fighting
 12135 | Orc:1    | Killed an orc warlord
 12136 | Orc:1    | Reached XP level 13. HP: 46/126 MP: 12/12
 12385 | Orc:2    | Paralysed by an orc sorcerer for 6 turns
 12393 | Orc:2    | Gained mutation: You possess an exceptional clarity of
                  | mind. [a neqoxec]
 12812 | Orc:2    | Found Ken Kuat's General Store.
 12813 | Orc:2    | Found Peirgh's Book Shoppe.
 12815 | Orc:2    | Found Qecuf's Antique Armour Emporium.
 12815 | Orc:2    | Found Cupt's Antique Weapon Emporium.
 12864 | Orc:2    | Bought a pair of boots for 117 gold pieces
 12864 | Orc:2    | Bought a runed cloak for 195 gold pieces
 12969 | Orc:1    | Noticed Nergalle
 12985 | Orc:1    | Killed Nergalle
 13045 | Orc:1    | Noticed Erolcha
 13051 | Orc:1    | Killed Erolcha
 13470 | Lair:1   | Entered Level 1 of the Lair of Beasts
 13539 | Lair:1   | Reached skill level 16 in Fighting
 15170 | Lair:2   | Reached skill level 17 in Fighting
 15433 | Lair:3   | Received a gift from Trog
 15436 | Lair:3   | Reached XP level 14. HP: 140/140 MP: 13/13
 15546 | Lair:3   | Noticed Gastronok
 15583 | Lair:3   | Killed Gastronok
 15831 | Lair:3   | Found a hole to the Spider Nest.
 16237 | Lair:3   | Found a staircase to the Shoals.
 17491 | Lair:5   | Reached skill level 18 in Fighting
 17521 | Lair:5   | Found an iron altar of Okawaru.
 17792 | Lair:5   | Reached skill level 15 in Armour
 18142 | Lair:5   | Found a viscous altar of Jiyva.
 18142 | Lair:5   | Found a staircase to the Slime Pits.
 18395 | Lair:6   | Entered Level 6 of the Lair of Beasts
 18628 | Lair:6   | Received a gift from Trog
 18966 | Lair:6   | Reached ****** piety under Trog
 19122 | Lair:6   | Reached XP level 15. HP: 131/151 MP: 14/14
 19133 | Lair:6   | Slain by an elephant simulacrum

Illustrated notes

Levels and vault maps discovered:
D:1:      dpeg_arrival_fog, layout_rooms, shapermc_ecumenical_altar_venn
D:2:      layout_basic
D:3:      layout_basic, ebering_ghost_gozag, minmay_strange_pillars
D:4:      kennysheep_spiral_hall, layout_loops_ring, grunt_gozag_breadcrumbs,
          kennysheep_mini_moat, kennysheep_cross_room, grunt_decor_mini_mirrors
D:5:      layout_loops_cross, mainiacjoe_overflow_tiny_flanked,
          fiery_altar_vehumet, minmay_temple_entry_grid,
          gammafunk_ghost_gnarly_gnolls, kennysheep_donut
D:6:      wad_woods_settlement, layout_cave_pools,
          cheibrodos_sewer_entry_sluice, uniq_grinder, uniq_pikel
D:7:      layout_rooms, general_overflow_altar
D:8:      layout_basic, zin_scriptorium, gammafunk_ghost_cemetery
D:9:      layout_small_grid, nicolae_overflow_crystal_walls, lemuel_round_altar,
          uniq_grum
D:10:     layout_loops_ring, erik_lair_dragon, serial_shops,
          nicolae_square_shop, nicolae_stop_n_shop_1, nicolae_square_shop, shop
D:11:     layout_loops_corners, orc_0_dummy, uniq_psyche
D:12:     layout_basic, serial_shops, kennysheep_little_box,
          trog_ov_bears_minmay, uniq_fannar
D:13:     layout_basic, grunt_vaults_entry_tiered, enter_trove_5,
          onia_ninara_dug_in_and_dangerous, uniq_rupert, uniq_nessos
Lair:1:   layout_concentric_octagons, grunt_megastairs_1
Lair:2:   nzn_winding_woodlands_three_and_one
          [nzn_winding_woodlands_5x15_pathside_ponds,
          nzn_winding_woodlands_5x15_concentric,
          nzn_winding_woodlands_5x15_pockets,
          nzn_winding_woodlands_center_lodge], layout_cave_shapes,
          lemuel_fruit_fields, serial_bayou_shore_a
Lair:3:   beast_lair_carwin_large_4, layout_loops_ring,
          elwin_shoals_entry_rooms, nicolae_spider_entry_orb_guardian,
          grunt_megastairs_3, uniq_gastronok
Lair:4:   layout_concentric_octagons, serial_bayou_shore_b
Lair:5:   layout_layer_cave, dpeg_slime_entry_enclosed_altar, basic_altar,
          st_stairs_3
Lair:6:   due_jungle_book, layout_cave_pods, kennysheep_basilisk_garden
Orc:1:    layout_diamond_mine, uniq_nergalle, uniq_erolcha, uniq_sonja
Orc:2:    st_orc_congregation, layout_diamond_mine, serial_shops, shop,
          sword_in_stone

Skill      XL: |  1  2  3  4  5  6  7  8  9 10 11 12 13 14 |
---------------+-------------------------------------------+-----
Fighting       | 4 5 6 7 10 12 15 17 18 | 18.9
Axes           | 4 5 6 7 |  7.2
Maces & Flails | 3 4 |  4.8
Shields        | 3 7 10 12 | 12.4
Armour         | 3 5 10 13 15 | 15.9
Polearms       | 5 9 11 | 11.7
Dodging        | |  2.1

Action                   |  1- 3 |  4- 6 |  7- 9 | 10-12 | 13-15 || total
-------------------------+-------+-------+-------+-------+-------++-------
Melee: Hand axe          |    99 |    66 |     5 |       |       ||   170
       Headbutt          |     9 |    16 |    69 |   152 |   277 ||   523
       Demon whip        |       |       |    77 |       |       ||    77
       Spear             |       |       |   197 |   548 |   913 ||  1658
       Whip              |       |       |    27 |       |       ||    27
Throw: Dart              |       |       |       |     7 |       ||     7
       Throwing net      |       |       |       |     2 |       ||     2
Invok: Berserk           |       |     3 |     8 |    17 |     9 ||    37
       Trog's Hand       |       |     1 |     2 |     7 |     1 ||    11
       Brothers in Arms  |       |       |       |     4 |     1 ||     5
  Use: Scroll            |       |       |    14 |     8 |     3 ||    25
       Potion            |       |       |       |     3 |     2 ||     5
Armor: Animal skin       |    27 |       |       |       |       ||    27
       Ring mail         |       |    12 |    56 |   116 |   308 ||   492
       Leather armour    |       |     1 |       |       |       ||     1
Dodge: Dodged            |    87 |    37 |   111 |   153 |   277 ||   665
Block: Kite shield       |       |       |    21 |       |       ||    21
       Buckler           |       |       |    48 |   191 |   364 ||   603

Table legend: (Time is in decaauts)
 A = Elapsed time spent in this place.
 B = Non-inter-level travel time spent in this place.
 C = Inter-level travel time spent in this place.
 D = Time resting spent in this place.
 E = Time spent auto-exploring this place.
 F = Levels seen in this place.
 G = Mean time per level.
                   A        B        C        D        E       F      G
               +--------+--------+--------+--------+--------+-----+--------+
         Total |  18782 |  17534 |   1248 |   1478 |  11327 |  22 |  853.7 |
       Dungeon |  11124 |  10272 |    852 |    783 |   6742 |  13 |  855.7 |
          Lair |   5370 |   5222 |    148 |    232 |   3907 |   6 |  895.0 |
  Orcish Mines |   2151 |   1903 |    248 |    462 |    645 |   2 | 1075.5 |
         Sewer |    136 |    136 |      0 |      0 |     31 |   1 |  136.0 |
               +--------+--------+--------+--------+--------+-----+--------+

Top non-repeatable levels by time:
    D:10: 1347 daAuts
   Orc:2: 1258 daAuts
     D:8: 1168 daAuts
     D:5: 1155 daAuts
  Lair:4: 1070 daAuts
    D:12: 1069 daAuts
    D:11: 1034 daAuts
  Lair:3: 953 daAuts
  Lair:5: 952 daAuts
  Lair:1: 925 daAuts
   Orc:1: 893 daAuts
     D:1: 846 daAuts
     D:6: 842 daAuts
     D:4: 815 daAuts
  Lair:2: 793 daAuts
